AoeStats
← schmeno

Arena

513712696Analyzed
4v4 RM · 16h ago on Oct 14, 2026· 52m 40s· 8 players
Game mode
Random Map
Map size
Large (8 player)
Population
200
Speed
Normal
Resources
Standard
Victory
Conquest
Starting age
Dark Age
Ending age
Imperial Age
RankedLock teamsTeams togetherTeam positionsShared explorationLock speedFull tech treeHidden civsTurbo modeCheats
Victory
Defeat
🇪🇨 Cumans · Ecuador
1140
+15
🇲🇽 Saracens · Mexico
1107
+16
🇦🇺 Turks · Australia
1089
+17
🇨🇴 Berbers · Colombia
1055
+19
vs
🇺🇸 Saracens · United States
1140
-18
🇺🇸 Malay · United States
1137
-18
🇺🇸 Khmer · United States
1116
-17
🇺🇸 Italians · United States
1043
-14
alexisxsegura
11:14 Feudal Age
14:50 Castle Age
13:04 Double-Bit Axe
14:20 Horse Collar
16:21 Wheelbarrow
15:59 Bow Saw
24:55 Loom
25:58 Stone Mining
30:18 Imperial Age
28:07 Gold Mining
28:44 Forging
28:43 Scale Barding Armor
29:00 Hand Cart
31:01 Iron Casting
30:47 Chain Barding Armor
30:18 Fletching
31:44 Bloodlines
31:35 Husbandry
32:52 Conscription
33:47 Chemistry
33:07 Ballistics
35:10 Two-Man Saw
33:33 Onager
35:04 Coinage
35:19 Bodkin Arrow
35:59 Siege Onager
37:42 Bracer
37:40 Capped Ram
38:45 Siege Ram
45:40 Banking
45:10 Caravan
46:03 Light Cavalry
47:53 Plate Barding Armor
48:20 Blast Furnace
51:49 Siege Engineers
51:56 Masonry
52:06 Fortified Wall
51:52 Murder Holes
52:00 Heavy Plow
LeonSuarez
12:26 Feudal Age
16:19 Castle Age
15:13 Double-Bit Axe
16:22 Horse Collar
23:01 Wheelbarrow
22:36 Heavy Plow
22:51 Bow Saw
23:02 Bloodlines
24:54 Husbandry
25:59 Hand Cart
25:48 Gold Mining
27:45 Loom
28:47 Fletching
29:21 Ballistics
29:29 Thumb Ring
31:58 Imperial Age
29:39 Bodkin Arrow
31:28 Forging
32:10 Town Watch
32:46 Padded Archer Armor
33:52 Town Patrol
33:19 Heavy Camel Rider
36:34 Chemistry
35:36 Bracer
35:04 Elite Genitour
36:27 Leather Archer Armor
37:15 Scale Barding Armor
38:27 Crop Rotation
38:48 Ring Archer Armor
39:04 Conscription
45:02 Chain Barding Armor
44:30 Light Cavalry
46:59 Plate Barding Armor
46:04 Hussar
52:11 Maghrebi Camels
51:58 Heavy Cavalry Archer
[CORP] KRobles
7:30 Loom
9:35 Feudal Age
15:51 Double-Bit Axe
17:05 Horse Collar
19:08 Wheelbarrow
19:26 Bloodlines
21:16 Gold Mining
24:49 Castle Age
23:36 Stone Mining
23:58 Town Watch
26:34 Gold Shaft Mining
29:54 Imperial Age
28:13 Scale Barding Armor
29:00 Forging
30:06 Chain Barding Armor
30:32 Heavy Plow
30:52 Cavalier
32:41 Plate Barding Armor
32:57 Iron Casting
33:24 Hand Cart
34:56 Conscription
36:06 Blast Furnace
38:34 Paladin
43:17 Light Cavalry
43:54 Hussar
47:38 Guilds
Will.I.Am
10:53 Feudal Age
16:03 Castle Age
14:51 Gold Mining
14:52 Double-Bit Axe
15:43 Horse Collar
21:19 Imperial Age
20:00 Wheelbarrow
23:09 Heavy Plow
24:11 Bow Saw
31:56 Hand Cart
41:59 Two-Man Saw
Tired Cock
11:17 Feudal Age
12:41 Double-Bit Axe
13:16 Loom
15:46 Castle Age
13:55 Horse Collar
15:28 Double-Bit Axe
16:36 Fletching
17:51 Crossbowman
27:53 Thumb Ring
31:50 Imperial Age
30:40 Wheelbarrow
30:24 Bodkin Arrow
30:39 Arbalester
33:31 Man-at-Arms
34:12 Squires
33:58 Arson
34:25 Forging
35:10 Forced Levy
35:33 Long Swordsman
36:16 Two-Handed Swordsman
44:11 Chemistry
44:32 Iron Casting
51:53 Ballistics
Night Hawk Shadow Force
10:36 Feudal Age
16:07 Castle Age
14:24 Horse Collar
15:25 Double-Bit Axe
17:49 Heavy Plow
21:58 Bow Saw
22:30 Wheelbarrow
24:08 Hand Cart
24:38 Gold Mining
24:57 Loom
24:58 Town Watch
26:00 Ballistics
25:54 Fletching
27:02 Gold Shaft Mining
27:03 Town Patrol
31:16 Imperial Age
29:45 Bodkin Arrow
31:51 Stone Mining
33:05 Chemistry
32:11 Siege Engineers
31:48 Heavy Scorpion
34:59 Bracer
35:46 Double Crossbow
38:24 Conscription
50:44 Fortified Wall
schmeno
10:58 Feudal Age
14:52 Castle Age
12:51 Horse Collar
13:51 Double-Bit Axe
16:02 Bow Saw
16:00 Loom
19:30 Stone Mining
21:07 Wheelbarrow
23:17 Town Watch
23:49 Hand Cart
24:03 Redemption
24:51 Scale Barding Armor
24:57 Forging
25:22 Gold Mining
25:50 Bloodlines
26:04 Husbandry
27:03 Chain Barding Armor
30:05 Iron Casting
33:44 Imperial Age
35:29 Blast Furnace
35:04 Plate Barding Armor
36:56 Fletching
37:30 Light Cavalry
39:08 Bodkin Arrow
39:03 Hussar
41:47 Chemistry
43:46 Heavy Camel Rider
47:36 Siege Engineers
49:12 Bracer
Simon Nelson Cook
10:27 Feudal Age
11:23 Double-Bit Axe
15:46 Castle Age
14:05 Horse Collar
17:00 Bow Saw
17:06 Fletching
18:25 Loom
19:23 Bodkin Arrow
19:33 Padded Archer Armor
23:38 Elite Skirmisher
23:41 Crossbowman
27:37 Imperial Age
28:51 Bracer
33:17 Thumb Ring
33:02 Arbalester
36:18 Chemistry
35:54 Leather Archer Armor
39:28 Gold Mining
40:59 Forging
40:49 Scale Mail Armor
41:19 Arson
41:34 Squires
44:28 Chain Mail Armor
45:24 Iron Casting
Connection lost

Rejoining the realm…

Still unreachable

The connection could not be restored.

Session expired

The server has moved on; the page needs a fresh start.